 Dungeon Crawl Stone Soup version 0.31.0-32-g396128a36d (webtiles) character file.

Game seed: 82533400148721582

102 safid the Ruffian (level 4, 0/35 HPs)
             Began as a Draconian Shapeshifter on Mar 22, 2024.
             Slain by an iguana (2 damage)
             ... on level 4 of the Dungeon.
             The game lasted 00:03:05 (2178 turns).

safid the Ruffian (Draconian Shapeshifter)          Turns: 2178, Time: 00:03:06

Health: 0/35       AC:  5    Str: 19    XL:     4   Next: 50%
Magic:  4/4        EV: 12    Int: 10    God:
Gold:   90         SH:  0    Dex: 10    Spells: 3/3 levels left

rFire   . .          .
                       - Unarmed
rCold   . . .        (no shield)
rNeg    . . .        (body armour unavailable)
rPois   .            (helmet currently unavailable)
rElec   .            (cloak currently unavailable)
rCorr   .            (gloves currently unavailable)
SInv    .            (boots currently unavailable)
Will    .....        (no amulet)
Stlth   +            (no ring)
HPRegen 0.25/turn    (no ring)
MPRegen 0.09/turn

%: no passive effects
@: beast-form
A: beast (slay +2), AC +5, unfitting armour, cold-blooded
a: Begin Untransformation


You were on level 4 of the Dungeon.
You were a hulking beast.
You visited 1 branch of the dungeon, and saw 4 of its levels.

You collected 90 gold pieces.

Inventory:

Talismans
 b - a beast talisman
 c - a flux talisman
Scrolls
 d - a scroll of torment {unknown}
 g - a scroll of amnesia {unknown}
 h - a scroll of teleportation {unknown}
 i - 2 scrolls of identify {unknown}
 k - a scroll of enchant weapon {unknown}
 l - a scroll of vulnerability {unknown}
Potions
 a - a potion of lignification
 e - a potion of curing {unknown}
 f - a potion of heal wounds {unknown}
 j - a potion of cancellation {unknown}
 m - a potion of enlightenment {unknown}


   Skills:
 + Level 1.3 Fighting
 - Level 2.0 Dodging
 + Level 4.2 Unarmed Combat
 * Level 4.0 Shapeshifting


You had 3 spell levels left.
You didn't know any spells.
Your spell library was empty.

Dungeon Overview and Level Annotations

Branches:
Dungeon (4/15)
 Temple: D:4-7

Altars:
Uskayaw
The Shining One


Innate Abilities, Weirdness & Mutations

You are a hulking beast.
Your limbs bulge with bestial killing power. (Slay +2)
Your plain brown scales are hard. (AC +5)
You cannot fit into any form of body armour.
You are cold-blooded and may be slowed by cold attacks.


Message History

There is an open door here.
There is an open door here.
Done exploring.
Done exploring.
Done exploring.
Done exploring.
Done exploring.
Done exploring.
Done exploring.
There is a stone staircase leading down here.
You climb downwards.
There is a stone staircase leading up here.
Found a stone.
Found a stone staircase leading down.
An iguana comes into view.
An orc priest comes into view. It is wielding a +0 dagger.
The orc priest shouts!
You hear a shout!
You hear an angry hiss.
The orc priest mumbles some strange prayers to Beogh against you.
Beogh smites you!
You hear a shout!
The iguana barely misses you.
You hit the iguana.
The iguana is heavily wounded.
You barely miss the iguana.
The iguana is heavily wounded.
An orc priest comes into view. It is wielding a +0 club.
The iguana bites you.
A ball python comes into view.
You hit the iguana but do no damage.
The iguana is heavily wounded.
The iguana bites you!
You are too injured to fight recklessly!
You are too injured to fight recklessly!
The orc priest invokes the aid of Beogh against you.
Beogh smites you!
* * * LOW HITPOINT WARNING * * *
The iguana attacks as it pursues you!
The iguana bites you but does no damage.
The iguana attacks as it pursues you! The iguana bites you.
You die...

#.....#..###...##
#........##.....#
#.....#........##
#####.#........##
#...........#
##.........##
#.........##
#........###
##......h##
#......l.##
......o...#
##.##....##
........##
.##o.#..#
#.....## ..S....
.......


You could see an iguana, 2 orc priests and a ball python.

Vanquished Creatures
  An adder (D:3)
  A white imp (D:3)
  3 dart slugs
  5 orcs (D:3)
  7 ball pythons
  5 bats
  10 endoplasms
  4 giant cockroaches
  3 goblins
  4 hobgoblins
  3 quokkas
  3 frilled lizards
  2 hobgoblin zombies (D:3)
  8 kobolds
  3 kobold skeletons (D:3)
  A kobold zombie (D:3)
  2 orc skeletons (D:3)
  3 orc zombies (D:3)
  6 rats
74 creatures vanquished.

Notes
Turn   | Place    | Note
-------+----------+-------------------------------------------
     0 | D:1      | safid the Draconian Shapeshifter began the quest for the
                  | Orb.
     0 | D:1      | Reached XP level 1. HP: 16/16 MP: 1/1
   150 | D:1      | Reached XP level 2. HP: 23/23 MP: 2/2
   291 | D:1      | Found a faded altar of an unknown god.
   579 | D:1      | Reached XP level 3. HP: 28/28 MP: 3/3
   944 | D:2      | Found a hide-covered altar of Uskayaw.
  1577 | D:3      | Found a glowing golden altar of the Shining One.
  1609 | D:3      | Reached XP level 4. HP: 17/35 MP: 4/4
  2178 | D:4      | Slain by an iguana

Illustrated notes

Levels and vault maps discovered:
D:1:      matt_arrival_diagonals, layout_basic,
          hellmonk_ecumenical_altar_slurped_away
D:2:      layout_loops_ring, basic_altar, nicolae_underground_beach
D:3:      layout_basic, nicolae_tso_besieged_by_evil,
          amcnicky_mini_corridor_feature
D:4:      minmay_recursive_quarters, layout_cave_pools, uniq_grinder

Skill      XL: |  1  2  3  4 |
---------------+-------------+-----
Dodging        | 2 |  2.0
Unarmed Combat | 4 |  4.2
Shapeshifting  | 4 |  4.0
Fighting       | |  1.3

Action                     |  1- 3 |  4- 6 || total
---------------------------+-------+-------++-------
  Melee: Unarmed           |   116 |    48 ||   164
         Tailslap          |    15 |     1 ||    16
         Punch             |     4 |     1 ||     5
   Stab: Sleeping          |     1 |     1 ||     2
 Armour: Skin              |    44 |    22 ||    66
  Dodge: Dodged            |    66 |    24 ||    90
